 Dungeon Crawl Stone Soup version 0.31-a0-300-g4ac5daa9c1 (webtiles) character file.

Game seed: 6375723409522843228

6257 Angani the Grappler (level 10, 0/103 HPs)
             Began as a Black Draconian Shapeshifter on July 16, 2023.
             Was a Believer of Wu Jian.
             Succumbed to a kobold brigand's curare-tipped dart
             ... in a bailey.
             The game lasted 00:12:14 (6825 turns).

Angani the Grappler (Black Draconian Shapeshifter)  Turns: 6825, Time: 00:12:14

Health: 0/103      AC: 13    Str: 27    XL:     10   Next: 62%
Magic:  10/10      EV: 11    Int:  8    God:    Wu Jian [**....]
Gold:   606        SH:  0    Dex: 12    Spells: 9/9 levels left

rFire   . .          .
                       - Unarmed
rCold   . . .        (shield currently unavailable)
rNeg    . . .        (body armour unavailable)
rPois   .            (helmet currently unavailable)
rElec   .            (cloak currently unavailable)
rCorr   .            (gloves currently unavailable)
SInv    .            (boots currently unavailable)
Will    +....        j - amulet of regeneration
Stlth   +            i - ring of willpower
HPRegen 1.17/turn    x - +4 ring of protection
MPRegen 0.12/turn

%: no passive effects
@: lethally poisoned (0 -> -28), snake-form, slowed, very slow
A: constrict, boosted hp, (breathe lightning), AC +7, large, unfitting armour,
(electricity resistance), (cold-blooded)
a: Begin Untransformation, Renounce Religion, Wall Jump


You were in a bailey.
You worshipped Wu Jian.
Wu Jian was pleased with you.
You were an enormous anaconda.
You visited 2 branches of the dungeon, and saw 10 of its levels.
You also visited: Bailey.

You collected 606 gold pieces.

Inventory:

Missiles
 r - 2 throwing nets
Armour
 f - a scarf of invisibility
 p - the +4 robe of Augmentation {Str+4 Int+4 Dex+4}
   (You found it on level 8 of the Dungeon)

   Str:       It affects your strength (+4).
   Int:       It affects your intelligence (+4).
   Dex:       It affects your dexterity (+4).
 q - the +1 Delatra's gloves {ID++}
   (You found it on level 5 of the Dungeon)

   ID++:      It heals its wearer when they drink unknown potions, and restores
   their MP when they read unknown scrolls.
Jewellery
 e - an amulet of magic regeneration
 i - a ring of willpower (left hand)
 j - an amulet of regeneration (around neck)
 o - a ring of see invisible
 v - a ring of positive energy
 x - a +4 ring of protection (right hand)
Talismans
 b - a beast talisman
 w - a serpent talisman
Wands
 t - a wand of charming (4)
Scrolls
 c - 2 scrolls of enchant armour
 d - 7 scrolls of teleportation
 g - a scroll of silence
 k - 5 scrolls of enchant weapon
 m - 2 scrolls of poison
Potions
 a - a potion of lignification
 h - 3 potions of invisibility
 l - a potion of ambrosia {unknown}
 n - 3 potions of cancellation
 z - a potion of mutation {unknown}


   Skills:
 + Level 7.2 Fighting
 + Level 5.9 Dodging
 + Level 9.4 Unarmed Combat
 - Level 9.0 Shapeshifting


You had 9 spell levels left.
You didn't know any spells.
Your spell library contained the following spells:

 Spells                   Type           Power      Damage    Failure   Level
 Apportation              Tloc           0%         N/A       41%         1
 Necrotise                Necr           0%         1d4       41%         1
 Slow                     Hex            0%         N/A       41%         1
 Summon Small Mammal      Summ           0%         N/A       41%         1
 Call Canine Familiar     Summ           0%         N/A       78%         3
 Confusing Touch          Hex            0%         N/A       78%         3
 Dazzling Flash           Conj/Hex       0%         N/A       78%         3
 Hailstorm                Conj/Ice       0%         3d3       78%         3
 Portal Projectile        Hex/Tloc       0%         N/A       78%         3
 Vampiric Draining        Necr           0%         2d6       78%         3
 Leda's Liquefaction      Hex/Erth       0%         N/A       99%         4
 Summon Ice Beast         Ice/Summ       0%         N/A       99%         4
 Agony                    Necr           0%         N/A       100%        5
 Silence                  Hex/Air        0%         N/A       100%        5
 Simulacrum               Ice/Necr       0%         N/A       100%        6


Dungeon Overview and Level Annotations

Branches:
Dungeon (9/15)             Temple (1/1) D:4          Bailey (1/1)
   Lair: D:8-11         Orc: D:9-12

Altars:
Ashenzari
Cheibriados
Dithmenos
Elyvilon
Fedhas
Gozag
Hepliaklqana
Kikubaaqudgha
Makhleb
Nemelex Xobeh
Okawaru
Qazlal
Ru
Sif Muna
Trog
Vehumet
Wu Jian
Xom
Yredelemnul
Zin
The Shining One

Shops:
D:5 :


Innate Abilities, Weirdness & Mutations

You are an enormous anaconda.
You have a powerful constriction melee attack.
Your maximum health is increased.
Your armour is entirely melded.
You are incapable of wielding weapons or throwing items.
((You can breathe wild blasts of lightning.))
((Your glossy black scales are hard. (AC +7)))
You cannot fit into any form of body armour.
((You are resistant to electric shocks. (rElec)))
((You are cold-blooded and may be slowed by cold attacks.))


Message History

The orc warrior attacks as you move away!
The orc warrior hits you with a +0 battleaxe!
You feel extremely sick.
Things that are here:
a +0 war axe; a +0 plate armour You feel extremely sick.
The kobold brigand hits you but does no damage.
The orc warrior hits you with a +0 battleaxe!
* * * LOW HITPOINT WARNING * * *
There is an open gate here.
The orc warrior attacks as you move away!
The orc warrior hits you but does no damage.
You feel very sick.
You feel very sick.
The orc warrior hits you with a +0 battleaxe.
* * * LOW HITPOINT WARNING * * *
The kobold brigand attacks as you move away!
The kobold brigand barely misses you.
The orc warrior attacks as you move away!
The orc warrior closely misses you.
You enter the shallow water.
You feel very sick.
The kobold brigand attacks as you move away!
The kobold brigand closely misses you.
The orc warrior attacks as you move away!
The orc warrior barely misses you.
You feel sick.
The kobold brigand throws a curare-tipped dart.
The curare-tipped dart hits you.
You are more poisoned.
You have difficulty breathing.
* * * LOW HITPOINT WARNING * * *
You feel as though you will be slow longer.
The kobold brigand throws a curare-tipped dart.
The curare-tipped dart hits you.
You are lethally poisoned!
You have difficulty breathing.
* * * LOW HITPOINT WARNING * * *
You feel as though you will be slow longer.
Unknown command.
Okay, then.
You die...

###'### ##.)(..##
#...8...# #∩....[∩#
##.)...## ####'''####
##oKK.....~##
#####~K.......~~###
#...S~~.......~~..
#.###~~.......~~###.#
#....~~.......~~....
#.###~~().....~~###.#
#....~~...(...)~....#
#.###~~.......(~###.#
#....~~.......)~....#
#.###~~.......~~###.#
#....~~....(..~~....#


You could see an orc warrior and 3 kobold brigands.

Vanquished Creatures
  Gastronok (D:8)
  Harold (D:9)
  Pikel (D:4)
  An unseen horror (D:9)
  Grinder (D:4)
  4 yaks (D:8)
  3 steam dragons
  2 orc warriors
  2 ice beasts
  2 black bears
  An ogre (D:5)
  4 centaurs
  6 kobold brigands
  2 bullfrogs
  3 scorpions
  A gnoll sergeant (D:9)
  7 killer bees
  2 howler monkeys
  2 jellies
  2 hounds (D:6)
  3 iguanas
  7 orc wizards
  5 adders
  9 gnolls
  3 white imps
  2 ufetubi
  3 worms (D:2)
  4 dart slugs
  29 orcs
  10 endoplasms
  3 giant cockroaches
  10 goblins
  9 hobgoblins
  2 jackals (D:1)
  A quokka (D:3)
  9 ball pythons
  3 bats
  2 frilled lizards
  19 kobolds
  4 rats (D:1)
185 creatures vanquished.

Vanquished Creatures (others)
  A black bear (D:5)
1 creature vanquished.

Grand Total: 186 creatures vanquished

Notes
Turn   | Place    | Note
-------+----------+-------------------------------------------
     0 | D:1      | Angani the Draconian Shapeshifter began the quest for the
                  | Orb.
     0 | D:1      | Reached XP level 1. HP: 17/17 MP: 1/1
   141 | D:1      | Reached XP level 2. HP: 24/24 MP: 2/2
   689 | D:1      | Reached XP level 3. HP: 26/29 MP: 3/3
  1818 | D:2      | Reached XP level 4. HP: 36/36 MP: 4/4
  2881 | D:4      | Identified the +0 leather armour of Proximity {+Blink Int-3
                  | Dex+2 Slay+6}
  3085 | D:4      | Reached XP level 5. HP: 12/41 MP: 5/5
  3105 | D:4      | Noticed an ice beast
  3138 | D:4      | Killed an ice beast
  3139 | D:4      | Reached skill level 5 in Shapeshifting
  3309 | D:4      | Found a staircase to the Ecumenical Temple.
  3320 | Temple   | Entered the Ecumenical Temple
  3621 | Temple   | Became a worshipper of the Wu Jian Council
  3739 | D:5      | Entered Level 5 of the Dungeon
  3744 | D:5      | Found the +1 Delatra's gloves {ID++}
  3755 | D:5      | Noticed Pikel
  3759 | D:5      | Noticed a lemure
  3759 | D:5      | Noticed a lemure
  3764 | D:5      | Noticed a lemure
  3764 | D:5      | Noticed a lemure
  3786 | D:4      | Killed Pikel
  3787 | D:4      | Reached skill level 5 in Unarmed Combat
  3787 | D:4      | Reached XP level 6. HP: 31/48 MP: 6/6
  3787 | D:4      | Your scales start taking on a glossy black colour.
  3787 | D:4      | Reached XP level 7. HP: 35/55 MP: 7/7
  3787 | D:4      | Gained mutation: You are resistant to electric shocks.
                  | (rElec) [Black Draconian growth]
  3836 | D:5      | Noticed Grinder
  3851 | D:4      | Killed Grinder
  3852 | D:4      | Reached XP level 8. HP: 61/61 MP: 8/8
  4271 | D:5      | Found Ebifaxaph's Book Shop.
  4737 | D:6      | Reached * piety under Wu Jian
  4793 | D:6      | Found an opulent altar of Gozag.
  5109 | D:6      | Reached XP level 9. HP: 45/67 MP: 9/9
  5339 | D:7      | Found a stormy altar of Qazlal.
  5754 | D:8      | Noticed Gastronok
  5782 | D:8      | Killed Gastronok
  5783 | D:8      | Reached skill level 5 in Fighting
  5915 | D:8      | Found a bloodstained altar of Trog.
  5928 | D:8      | Reached XP level 10. HP: 81/81 MP: 10/10
  5933 | D:8      | Reached ** piety under Wu Jian
  6148 | D:8      | Found the +4 robe of Augmentation {Str+4 Int+4 Dex+4}
  6526 | D:9      | Reached skill level 5 in Dodging
  6631 | D:9      | Found an ancient bone altar of Kikubaaqudgha.
  6632 | D:9      | Noticed Harold
  6658 | D:9      | Killed Harold
  6740 | D:9      | Found a flagged portal.
  6750 | Bailey   | Entered a bailey
  6825 | Bailey   | Succumbed to a kobold brigand's curare-tipped dart

Illustrated notes

Levels and vault maps discovered:
D:1:      ncdulo_smallfort, layout_basic, serial_forest,
          infiniplex_forest_straight_1, infiniplex_forest_lined_2,
          infiniplex_forest_clump_cross, infiniplex_forest_lined_room_2,
          infiniplex_forest_end_2, infiniplex_forest_clump_small,
          infiniplex_forest_lined_3, infiniplex_forest_end_1,
          infiniplex_forest_lined_room_
D:2:      layout_basic, kennysheep_generic_room_11
D:3:      layout_loops_cross
D:4:      layout_rooms, minmay_temple_entry_drinking_statues
D:5:      layout_cave_pools, serial_shops, nicolae_book_shop_shelving,
          kb_lookout_dungeons_type, uniq_pikel, uniq_grinder
D:6:      layout_basic, mainiacjoe_overflow_alcove_2, st_stairs_10,
          hangedman_abyss_or_decor_stagger
D:7:      layout_gridville, grunt_qazlal_sundering
D:8:      layout_rooms, mainiacjoe_overflow_brackets, kennysheep_generic_room_8,
          uniq_gastronok
D:9:      layout_roguey, mainiacjoe_overflow_cross_hatched, enter_bailey_3,
          uniq_harold, uniq_erolcha
Temple:   minmay_temple_bridge_d
Bailey:   bailey_axe_3, bailey

Skill      XL: |  1  2  3  4  5  6  7  8  9 10 |
---------------+-------------------------------+-----
Shapeshifting  | 4 6 7 8 9 |  9.0
Unarmed Combat | 3 5 7 8 9 |  9.4
Dodging        | 4 5 |  5.9
Fighting       | 5 7 |  7.2

Action                     |  1- 3 |  4- 6 |  7- 9 | 10-12 || total
---------------------------+-------+-------+-------+-------++-------
  Melee: Unarmed           |   431 |   127 |   153 |   110 ||   821
         Tailslap          |    97 |     9 |    14 |       ||   120
         Punch             |    16 |     2 |     2 |       ||    20
         Constrict         |       |       |    10 |    26 ||    36
Ability: Breathe Lightning |       |       |    13 |       ||    13
         Lunge             |       |       |    10 |    13 ||    23
         Whirlwind         |       |       |       |     3 ||     3
    Use: Scroll            |       |     6 |     1 |     7 ||    14
         Potion            |       |     4 |     3 |       ||     7
   Stab: Sleeping          |     2 |       |       |       ||     2
 Armour: Skin              |    34 |    52 |    65 |    64 ||   215
  Dodge: Dodged            |    54 |    58 |   100 |    65 ||   277
   Form: Anaconda          |       |       |     1 |       ||     1

Table legend: (Time is in decaauts)
 A = Elapsed time spent in this place.
 B = Non-inter-level travel time spent in this place.
 C = Inter-level travel time spent in this place.
 D = Time resting spent in this place.
 E = Time spent auto-exploring this place.
 F = Levels seen in this place.
 G = Mean time per level.
                   A        B        C        D        E       F      G
               +--------+--------+--------+--------+--------+-----+--------+
         Total |   6779 |   6322 |    457 |    405 |   4241 |  11 |  616.3 |
       Dungeon |   6325 |   6017 |    308 |    405 |   3999 |   9 |  702.8 |
        Temple |    374 |    225 |    149 |      0 |    213 |   1 |  374.0 |
        Bailey |     78 |     78 |      0 |      0 |     29 |   1 |   78.0 |
               +--------+--------+--------+--------+--------+-----+--------+

Top non-repeatable levels by time:
     D:1: 1116 daAuts
     D:2: 1049 daAuts
     D:3: 659 daAuts
     D:7: 646 daAuts
     D:4: 642 daAuts
     D:6: 625 daAuts
     D:5: 614 daAuts
     D:8: 506 daAuts
     D:9: 465 daAuts
  Temple: 374 daAuts
  Bailey: 78 daAuts
